 Dungeon Crawl Stone Soup version 0.14-a0-1570-g671a4b6 (webtiles) character file.

34724 4tharraofdagon the Conjurer (level 14, -6/85 HPs)
             Began as a Human Fire Elementalist on Dec 20, 2013.
             Was a High Priest of Vehumet.
             Mangled by a six-headed hydra (16 damage)
             ... on Level 12 of the Dungeon.
             The game lasted 01:09:05 (7830 turns).

4tharraofdagon the Conjurer (HuFE)                  Turns: 7830, Time: 01:09:06

HP  -6/85        AC  5     Str 10      XL: 14   Next: 10%
MP   0/40        EV 12     Int 22      God: Vehumet [*****.]
Gold 793         SH 10     Dex 14      Spells:  9 memorised,  5 levels left

rFire  + + .     SeeInvis .     f - 5 scrolls of teleportation
rCold  x . .     Clarity  .     S - +2 elf robe {rN+}
rNeg   + . .     Conserve .     U - +0 buckler (curse)
rPois  .         rCorr    .     R - +1 wizard hat {Int+3}
rElec  .         rRot     .     s - +0 cloak
SustAb . .       Spirit   .     K - -3 pair of gloves of Juyth {rF+}
rMut   .         Warding  .     h - +0 pair of boots
Saprov . . .     Stasis   .     (no amulet)
                                v - ring of magical power
                                q - ring of fire

@: somewhat resistant to hostile enchantments, fairly stealthy
A: no striking features
a: Renounce Religion


You were on level 12 of the Dungeon.
You worshipped Vehumet.
Vehumet was extremely pleased with you.
You were not hungry.

You visited 4 branches of the dungeon, and saw 22 of its levels.
You also visited: Sewer.

You collected 793 gold pieces.

Inventory:

Missiles
 p - 14 darts (quivered)
Armour
 h - a +0 pair of boots (worn)
 s - a +0 cloak (worn)
 K - the cursed -3 pair of gloves of Juyth (worn) {rF+}
   (You found it on level 8 of the Lair of Beasts)

   It protects you from fire.
   It has a curse placed upon it.
 M - a +1 helmet of see invisible
 R - a +1 wizard hat of intelligence (worn)
 S - a +2 elven robe of positive energy (worn)
 U - a cursed +0 buckler (worn)
Magical devices
 T - a wand of disintegration (2)
 X - a wand of lightning (2)
Comestibles
 c - 7 bread rations
 H - 7 meat rations
 P - 4 royal jellies
Scrolls
 a - a scroll of enchant armour {unknown}
 f - 5 scrolls of teleportation (in hand)
 i - 3 scrolls of enchant weapon I
 j - 2 scrolls of magic mapping
 o - a scroll of immolation
 w - 4 scrolls of fog
 E - 4 scrolls of recharging {unknown}
 N - a scroll of noise
Jewellery
 d - an uncursed ring of regeneration
 q - a ring of fire (left hand)
 u - an uncursed ring of protection from fire {unknown}
 v - a ring of magical power (right hand)
 y - an uncursed amulet of conservation {unknown}
 B - a +5 ring of evasion
 G - an uncursed ring of protection from magic {unknown}
 Q - an uncursed ring of sustain abilities {unknown}
Potions
 e - a potion of brilliance
 m - a potion of lignification
 n - 5 potions of curing
 t - 2 potions of invisibility
 x - 7 potions of heal wounds {unknown}
 z - a potion of beneficial mutation
 A - a potion of flight
 C - a potion of speed
 D - 4 potions of restore abilities {unknown}
 F - 3 potions of mutation {unknown}
 J - 2 potions of magic {unknown}
 L - a potion of might {unknown}
 Y - a potion of resistance
Books
 b - a book of Flames

   Spells                             Type                      Level
   *Flame Tongue                      Conjuration/Fire             1
   Throw Flame                        Conjuration/Fire             2
   *Conjure Flame                     Conjuration/Fire             3
   Inner Flame                        Hexes/Fire                   3
   *Sticky Flame                      Conjuration/Fire             4
   *Fireball                          Conjuration/Fire             5
 O - a book of Cantrips

   Spells                             Type                      Level
   Confusing Touch                    Hexes                        1
   *Animate Skeleton                  Necromancy                   1
   Summon Small Mammal                Summoning                    1
   *Apportation                       Translocation                1


   Skills:
 - Level 2.0 Dodging
 - Level 2.0 Stealth
 - Level 3.6 Shields
 + Level 9.7 Spellcasting
 * Level 14.1 Conjurations
 + Level 2.0 Translocations
 * Level 14.1 Fire Magic


You had 5 spell levels left.
You knew the following spells:

 Your Spells              Type           Power        Failure   Level  Hunger
a - Flame Tongue          Conj/Fire      #####        1%          1    None
b - Conjure Flame         Conj/Fire      #######.     1%          3    None
c - Sticky Flame          Conj/Fire      #######.     1%          4    ##.....
d - Fireball              Conj/Fire      #######...   1%          5    ####...
e - Apportation           Tloc           ###.......   3%          1    None
f - Animate Skeleton      Necr           N/A          10%         1    None
g - Delayed Fireball      Conj/Fire      N/A          4%          7    #######
h - Orb of Destruction    Conj           ######....   4%          7    #######
i - Regeneration          Chrm/Necr      ##........   21%         3    None


Dungeon Overview and Level Annotations

Branches:
Dungeon (12/16)            Temple (1/1) D:5             Orc (1/4) D:9
   Lair (8/8) D:11         Shoals (0/5) Lair:5
  Swamp: Lair:3-6     Snake: Lair:3-6    Spider: Lair:3-6     Slime: Lair:6-8

Altars:
Ashenzari
Cheibriados
Elyvilon
Fedhas
Kikubaaqudgha
Makhleb
Nemelex Xobeh
Okawaru
Sif Muna
Trog
Vehumet
Xom
Yredelemnul
Zin
the Shining One

Annotations:
D:11 Urug


Message History

There is an open door here.
Casting: Fireball
Confirm with . or Enter, or press ? or * to list all spells.
Aiming: Sticky Flame
Press: ? - help, Shift-Dir - straight line, f/p - six-headed hydra
Aim: a six-headed hydra (severely wounded)
You feel a surge of power!
The sticky flame hits the six-headed hydra.
The six-headed hydra is almost dead.
The six-headed hydra is covered in liquid flames!
The six-headed hydra burns!
The crimson imp blinks!
The six-headed hydra bites you. The six-headed hydra bites you!
The six-headed hydra bites you!
* * * LOW HITPOINT WARNING * * *
The six-headed hydra bites you.
* * * LOW HITPOINT WARNING * * *
The six-headed hydra bites you.
* * * LOW HITPOINT WARNING * * *
The six-headed hydra bites you!
You die...

#...# #............
#...# #............ #
#ยง..# ##.##........
#.#...#####....##.....
#.'...#.....#####.....
#...#.......# #...
#5#.......#
#D####....#
####@####....#
#............#
#..........###
#..........#####
####................
#..................
#................?..
#.......###########
#.......#


You could see a six-headed hydra (burning) and a crimson imp.

Vanquished Creatures
  Gastronok (D:9)
  5 hydras
  An ice statue (Lair:2)
  A griffon (Lair:8)
  2 black mambas (Lair:7)
  13 elephants
  2 fire drakes
  Psyche (D:8)
  7 spiny frogs
  3 komodo dragons
  7 giant fireflies (Lair:8)
  A polar bear (Lair:2)
  12 spriggans (Lair:8)
  8 blink frogs (Lair:5)
  9 grizzly bears
  A basilisk (Lair:5)
  2 wyverns (D:12)
  16 yaks
  Eustachio (D:9)
  2 elephant slugs
  Edmund (D:9)
  2 manticores
  16 wolves (Lair:8)
  2 hippogriffs
  A necrophage (D:12)
  3 orc warriors
  3 porcupines
  2 phantoms
  3 black bears (Lair:8)
  4 ice beasts
  3 sky beasts
  6 ogres
  Duvessa (D:9)
  3 centaurs
  7 crocodiles
  10 giant slugs
  2 big kobolds
  5 agate snails
  A water moccasin (Lair:7)
  5 giant frogs
  A wyvern skeleton (D:11)
  11 killer bees
  Dowan (D:9)
  A giant frog zombie (D:12)
  4 orc priests
  3 crimson imps
  3 hounds
  3 jellies (D:9)
  A goliath beetle (D:9)
  A big fish (Sewer)
  Crazy Yiuf (D:2)
  A two-headed ogre skeleton (D:9)
  A centaur skeleton (D:8)
  6 orc wizards
  5 scorpions
  6 worker ants (D:4)
  6 iguanas
  12 sheep
  4 gnolls (D:5)
  11 adders
  3 giant centipedes
  33 green rats
  6 white imps
  5 worms
  An iguana zombie (D:9)
  A grey rat (Sewer)
  6 oozes
  22 orcs
  2 ball pythons
  14 bats
  5 giant cockroaches
  8 goblins
  11 hobgoblins
  16 jackals
  20 kobolds
  5 quokkas
  4 giant geckos
  4 giant newts
  A kobold skeleton (D:8)
  A kobold zombie (D:4)
  17 rats
  A bush (Lair:8)
443 creatures vanquished.

Vanquished Creatures (others)
  A jackal zombie (D:4)
  9 fungi (Lair:8)
  A plant (Lair:8)
11 creatures vanquished.

Grand Total: 454 creatures vanquished

Notes
Turn   | Place    | Note
--------------------------------------------------------------
     0 | D:1      | 4tharraofdagon, the Human Fire Elementalist, began the quest for the Orb.
     0 | D:1      | Reached XP level 1. HP: 13/13 MP: 3/3
   126 | D:1      | Reached XP level 2. HP: 19/19 MP: 0/4
   276 | D:2      | Reached XP level 3. HP: 24/24 MP: 0/6
   281 | D:2      | Learned a level 3 spell: Conjure Flame
   556 | D:2      | Noticed Crazy Yiuf
   663 | D:2      | Killed Crazy Yiuf
   663 | D:2      | Reached skill level 4 in Fire Magic
   663 | D:2      | Reached XP level 4. HP: 30/30 MP: 1/8
   678 | D:2      | Daniel: hey
   678 | D:2      | 4tharraofdagon: hello
   928 | D:3      | Reached XP level 5. HP: 35/35 MP: 3/9
   986 | D:3      | Learned a level 4 spell: Sticky Flame
  1031 | D:4      | Found a glowing drain.
  1055 | Sewer    | Entered a sewer
  1168 | Sewer    | Reached XP level 6. HP: 37/41 MP: 12/12
  1216 | Sewer    | Found a white marble altar of Elyvilon.
  1371 | D:5      | Entered Level 5 of the Dungeon
  1508 | D:5      | Noticed a sky beast
  1512 | D:5      | Killed a sky beast
  1512 | D:5      | Reached skill level 5 in Fire Magic
  1512 | D:5      | Reached XP level 7. HP: 39/46 MP: 13/15
  2087 | D:7      | Reached skill level 5 in Conjurations
  2087 | D:7      | Reached skill level 6 in Fire Magic
  2087 | D:7      | Reached XP level 8. HP: 52/52 MP: 15/17
  2141 | D:7      | Noticed a hippogriff
  2169 | D:7      | Killed a hippogriff
  2288 | D:7      | Learned a level 5 spell: Fireball
  2946 | D:5      | Found a staircase to the Ecumenical Temple.
  2958 | Temple   | Entered the Ecumenical Temple
  3008 | Temple   | Became a worshipper of Vehumet
  3258 | D:6      | Reached skill level 7 in Fire Magic
  3311 | D:6      | Noticed a fire dragon
  3316 | D:6      | Reached XP level 9. HP: 47/57 MP: 20/20
  3460 | D:8      | Reached skill level 5 in Spellcasting
  3475 | D:8      | Acquired Vehumet's first power
  3475 | D:8      | Offered knowledge of Sting by Vehumet.
  3630 | D:9      | Reached skill level 8 in Fire Magic
  3691 | D:9      | Noticed Eustachio
  3693 | D:9      | Noticed Gastronok
  3793 | D:9      | Killed Gastronok
  3793 | D:9      | Reached skill level 9 in Fire Magic
  3793 | D:9      | Reached XP level 10. HP: 63/63 MP: 10/23
  3841 | D:9      | Killed Eustachio
  3860 | D:9      | Noticed Edmund
  3870 | D:9      | Killed Edmund
  3879 | D:9      | Noticed Duvessa
  3879 | D:9      | Noticed Dowan
  3889 | D:9      | Killed Duvessa
  3892 | D:9      | Killed Dowan
  4013 | D:9      | Tolias: hey
  4049 | D:9      | Offered knowledge of Magic Dart by Vehumet.
  4091 | D:9      | 4tharraofdagon: hello
  4125 | D:9      | Found a staircase to the Orcish Mines.
  4130 | D:9      | hurdos: good morning
  4222 | D:8      | Noticed Psyche
  4223 | D:8      | Killed Psyche
  4224 | D:8      | Reached skill level 10 in Fire Magic
  4298 | D:9      | Tolias: what is this
  4310 | D:9      | Tolias: you are late for elf 3 mate
  4356 | D:9      | Offered knowledge of Stone Arrow by Vehumet.
  4361 | D:9      | Found a white marble altar of Elyvilon.
  4454 | D:9      | 4tharraofdagon: i've been searching for temple
  4454 | D:9      | 4tharraofdagon: it was well hidden
  4470 | Orc:1    | Entered Level 1 of the Orcish Mines
  4499 | D:10     | Entered Level 10 of the Dungeon
  4510 | D:10     | Reached skill level 10 in Conjurations
  4573 | D:11     | Found a staircase to the Lair.
  4579 | D:11     | Reached XP level 11. HP: 60/68 MP: 25/25
  4590 | Lair:1   | Entered Level 1 of the Lair of Beasts
  4763 | Lair:2   | Acquired Vehumet's second power
  4971 | Lair:4   | Reached skill level 11 in Fire Magic
  4982 | Lair:4   | Offered knowledge of Mephitic Cloud by Vehumet.
  5209 | Lair:5   | Tolias: dang
  5341 | Lair:5   | Found a staircase to the Shoals.
  5369 | Lair:5   | Reached XP level 12. HP: 70/74 MP: 24/27
  5422 | Lair:5   | Noticed a four-headed hydra
  5435 | Lair:5   | Killed a four-headed hydra
  5547 | Lair:5   | Found a radiant altar of Vehumet.
  5653 | Lair:7   | Acquired Vehumet's third power
  5667 | Lair:7   | Reached skill level 12 in Fire Magic
  5671 | Lair:7   | Offered knowledge of Fulminant Prism by Vehumet.
  5804 | Lair:6   | Daniel: hello Tolias and hurdos
  5810 | Lair:6   | hurdos: Hi
  5936 | Lair:8   | Entered Level 8 of the Lair of Beasts
  6116 | Lair:8   | Learned a level 1 spell: Apportation
  6118 | Lair:8   | Learned a level 1 spell: Animate Skeleton
  6337 | Lair:8   | Noticed a spriggan rider
  6339 | Lair:8   | Offered knowledge of Delayed Fireball by Vehumet.
  6341 | Lair:8   | Killed a giant firefly
  6346 | Lair:8   | Killed a spriggan
  6346 | Lair:8   | Reached skill level 13 in Fire Magic
  6346 | Lair:8   | Tolias: sup danny
  6346 | Lair:8   | Reached XP level 13. HP: 62/79 MP: 8/29
  6375 | Lair:8   | Daniel: drinking tea, watching 4th, listening to the new leaked mogwai album :)
  6468 | Lair:8   | hurdos: you are lucky
  6501 | Lair:8   | Noticed a spriggan rider
  6506 | Lair:8   | Killed a giant firefly
  6507 | Lair:8   | hurdos: I'm working and trying to watch 4th :)
  6507 | Lair:8   | Killed a spriggan
  6513 | Lair:8   | Reached skill level 1 in Shields
  6514 | Lair:8   | Daniel: :)
  6559 | Lair:8   | Daniel: well, these are my last days at home
  6559 | Lair:8   | timbw: pretty easy for that to become "I was working but now im procrasternating"
  6584 | Lair:8   | Daniel: i was unemployed for 11 month
  6606 | Lair:8   | Daniel: so you are the lucky you have a job
  6652 | Lair:8   | Noticed a spriggan rider
  6658 | Lair:8   | Killed a giant firefly
  6660 | Lair:8   | Killed a spriggan
  6680 | Lair:8   | Got a pair of twisted gloves
  6681 | Lair:8   | Daniel: hmm, sabres are now cutlaesses?
  6685 | Lair:8   | Identified the cursed -3 pair of gloves of Juyth {rF+} (You found it on level 8 of the Lair of Beasts)
  6775 | Lair:8   | Noticed a seven-headed hydra
  6800 | Lair:8   | Killed a seven-headed hydra
  6846 | Lair:8   | Noticed an eight-headed hydra
  6849 | Lair:8   | Killed an eight-headed hydra
  6850 | Lair:8   | hurdos: so Daniel, did you find a job?
  6864 | Lair:8   | Tolias: yeah unemployment sucks balls
  6890 | Lair:7   | Daniel: yes finally
  6892 | Lair:7   | Daniel: starting in january
  6898 | Lair:7   | Noticed a seven-headed hydra
  6901 | Lair:7   | Killed a seven-headed hydra
  6904 | Lair:7   | hurdos: what is a job?
  6911 | Lair:7   | hurdos: if you wish to say :0
  6921 | Lair:7   | Daniel: kind of IT
  6922 | Lair:7   | Tolias: work
  6965 | Lair:6   | Daniel: but in the area of safety technologies
  7013 | Lair:6   | hurdos: hm ... IBM? :)
  7026 | Lair:5   | Daniel: no, thats 4th :D
  7056 | Lair:5   | Daniel: it's a german corp in hungary
  7057 | Lair:5   | Daniel: called OBO
  7168 | Lair:4   | hurdos: nice
  7179 | Lair:4   | Learned a level 7 spell: Delayed Fireball
  7210 | Lair:3   | hurdos: I'm glad that you found a job
  7232 | Lair:3   | Tolias: yeah, grats
  7235 | Lair:3   | Daniel: yeah, me too
  7242 | Lair:3   | Daniel: thanks
  7255 | Lair:3   | Tolias: now you can buy all the fetish porn you want
  7265 | Lair:3   | Daniel: buy?
  7270 | Lair:3   | Daniel: :)
  7282 | Lair:3   | Tolias: hehe
  7330 | Lair:3   | Daniel: im buying music rather
  7347 | Lair:2   | Noticed a four-headed hydra
  7353 | Lair:2   | Killed a four-headed hydra
  7353 | Lair:2   | Reached skill level 1 in Translocations
  7396 | Lair:2   | hurdos: when I started to play in DCSS I was thinking about how people are playing every day
  7415 | Lair:2   | Offered knowledge of Orb of Destruction by Vehumet.
  7424 | Lair:2   | Learned a level 7 spell: Orb of Destruction
  7434 | Lair:2   | Noticed an ice statue
  7436 | Lair:2   | Killed an ice statue
  7436 | Lair:2   | Reached skill level 14 in Conjurations
  7456 | Lair:2   | Reached XP level 14. HP: 46/85 MP: 8/31
  7511 | Lair:2   | Daniel: students, not working or they have a really good job
  7540 | Lair:2   | Daniel: like you
  7560 | Lair:2   | hurdos: or really bad job :)
  7599 | Lair:2   | Learned a level 3 spell: Regeneration
  7599 | Lair:2   | Daniel: every job where you can use internet is good enough :D
  7668 | D:11     | Noticed Urug
  7676 | D:11     | Noticed a hill giant
  7696 | D:11     | Noticed a skeletal warrior
  7697 | D:11     | Noticed a skeletal warrior
  7830 | D:12     | Mangled by a six-headed hydra

Action                   |  1- 3 |  4- 6 |  7- 9 | 10-12 | 13-15 || total
-------------------------+-------+-------+-------+-------+-------++-------
Melee: Unarmed           |    34 |       |       |       |     2 ||    36
       Short sword       |    49 |       |       |       |       ||    49
       Quarterstaff      |       |    66 |   131 |    10 |       ||   207
       Dire flail        |       |       |       |   166 |     3 ||   169
Throw: Dart              |     4 |       |       |       |       ||     4
 Cast: Flame Tongue      |    31 |    42 |    46 |    40 |     9 ||   168
       Conjure Flame     |     2 |     2 |    14 |    52 |    13 ||    83
       Sticky Flame      |       |     3 |    28 |    78 |    38 ||   147
       Fireball          |       |       |     3 |    37 |    72 ||   112
       Apportation       |       |       |       |       |     3 ||     3
Evoke: Wand              |       |       |     2 |    15 |     2 ||    19
  Use: Scroll            |       |       |    11 |    11 |     7 ||    29
       Potion            |       |       |     3 |     2 |     3 ||     8
 Stab: Sleeping          |       |     1 |     1 |       |       ||     2
       Paralysed         |       |       |     1 |       |       ||     1
